 Dungeon Crawl Stone Soup version 0.26-a0-1222-g14533b3512 (webtiles) character file.

Game seed: 6218044526776276326

23 CurlyBrace the Sneak (level 2, -2/14 HPs)
             Began as a Felid Delver on Dec 31, 2020.
             Slain by a bullfrog (4 damage)
             ... on level 6 of the Dungeon.
             The game lasted 00:01:09 (130 turns).

CurlyBrace the Sneak (Felid Delver)                  Turns: 130, Time: 00:01:10

Health: -2/14      AC:  1    Str:  8    XL:     2   Next: 75%
Magic:  3/3        EV: 18    Int: 11    God:
Gold:   0          SH:  0    Dex: 17    Spells: 1/1 levels left
                                        Lives:  0   Deaths: 0

rFire    . . .     SeeInvis +     - Unarmed
rCold    . . .     Faith    .   (shield unavailable)
rNeg     . . .     Spirit   .   (armour unavailable)
rPois    .         Reflect  .   (helmet unavailable)
rElec    .         Harm     .   (cloak unavailable)
rCorr    .         Rampage  .   (gloves unavailable)
Will     .....                  (boots unavailable)
Stlth    ++++......             (no amulet)
HPRegen  0.04/turn              (no ring)
MPRegen  0.08/turn              (no ring)

@: hasted, very quick
A: very small, no armour, no weapons or thrown items, stealth, claws 1, fangs 3,
see invisible, speed 1, shaggy fur 1, sharp paws
a: no special abilities


You were on level 6 of the Dungeon.
You visited 1 branch of the dungeon, and saw 2 of its levels.

Inventory:

Wands
 v - a wand of digging (3)
Scrolls
 a - a scroll of fog
 b - a scroll of magic mapping
 c - a scroll of fear


   Skills:
 - Level 3.0 Fighting
 - Level 3.0 Dodging
 + Level 6.9 Stealth
 * Level 2.9 Unarmed Combat


You had one spell level left.
You didn't know any spells.
Your spell library was empty.

Dungeon Overview and Level Annotations

Branches:
Dungeon (6/15)
 Temple: D:4-7

Altars:


Innate Abilities, Weirdness & Mutations

You cannot wear armour.
You are incapable of wielding weapons or throwing items.
Your paws allow you to move quietly. (Stealth)
You have sharp claws.
You have razor-sharp teeth.
You have supernaturally acute eyesight. (SInv)
You cover ground quickly.
You are covered in fur. (AC +1)
Your sharp claws are effective at attacking unaware monsters.


Message History

The bullfrog is lightly wounded.
The bullfrog hits you.
You closely miss the bullfrog.
The bullfrog is lightly wounded.
The bullfrog misses you.
It was a potion of curing.
You feel better. The bullfrog closely misses you.
The bullfrog barely misses you.
You barely miss the bullfrog.
The bullfrog is lightly wounded.
The bullfrog barely misses you.
You closely miss the bullfrog. Your bite misses the bullfrog.
The bullfrog is lightly wounded.
The bullfrog hits you. x2
You closely miss the bullfrog.
The bullfrog is lightly wounded.
The bullfrog hits you.
* * * LOW HITPOINT WARNING * * *
There is a stone staircase leading down here.
You feel yourself speed up. The bullfrog hits you.
You die...

...#.# .#.#.# ...
.....# #.#.. ##.###
#.#.#.# #.# #.#>#.#
#.#########.#.#.#
#.............#.#
#..########...#.#
##..##### #...#@#
........####...F?#
##........)##..###
##.###.##.##..# #.#
#.##.....# #.#
#.#####.######
#.###†.............
#...........#######
#############


You could see a bullfrog.

Vanquished Creatures
  A worker ant (D:6)
1 creature vanquished.

Notes
Turn   | Place    | Note
-------+----------+-------------------------------------------
     0 | D:5      | CurlyBrace the Felid Delver began the quest for the Orb.
     0 | D:5      | Reached XP level 1. HP: 10/10 MP: 2/2
     4 | D:6      | Noticed an orc wizard
     5 | D:6      | Noticed a scorpion
     5 | D:6      | Noticed an orc priest
   107 | D:6      | Noticed a worker ant
   111 | D:6      | Killed a worker ant
   112 | D:6      | Reached XP level 2. HP: 14/14 MP: 3/3
   118 | D:6      | Noticed a bullfrog
   130 | D:6      | Slain by a bullfrog

Illustrated notes

Levels and vault maps discovered:
D:5:      layout_basic, elyvilon_altar_3, lemuel_doored_altar,
          minmay_temple_entry_arrows, uniq_sigmund
D:6:      cheibrodos_helix_gallery, layout_loops_ring, grunt_dithmenos_shadows

Skill      XL: |  1 |
---------------+----+-----
Dodging        | 3 |  3.0
Fighting       | |  3.0
Stealth        | |  6.9
Unarmed Combat | |  2.9

Action                   || total
-------------------------++-------
Melee: Unarmed           ||     7
       Bite              ||     1
  Use: Potion            ||     2
 Stab: Sleeping          ||     1
Dodge: Dodged            ||     5

Table legend: (Time is in decaauts)
 A = Elapsed time spent in this place.
 B = Non-inter-level travel time spent in this place.
 C = Inter-level travel time spent in this place.
 D = Time resting spent in this place.
 E = Time spent auto-exploring this place.
 F = Levels seen in this place.
 G = Mean time per level.
                   A        B        C        D        E       F      G
               +--------+--------+--------+--------+--------+-----+--------+
         Total |    105 |    105 |      0 |      0 |      0 |   2 |   52.5 |
       Dungeon |    105 |    105 |      0 |      0 |      0 |   2 |   52.5 |
               +--------+--------+--------+--------+--------+-----+--------+

Top non-repeatable levels by time:
     D:6: 104 daAuts
     D:5: 1 daAuts
